 Dungeon Crawl Stone Soup version 0.30-a0-948-g4fa250aae5 (webtiles) character file.

Game seed: 18367013317404068776

209036 cforsyth the Warrior (level 19, -1/162 (171) HPs)
             Began as a Formicid Fighter on Mar 27, 2023.
             Was the Champion of Ru.
             Slain by a merfolk impaler
             ... wielding a +6 trident of protection
              (7 damage)
             ... on level 3 of the Shoals.
             The game lasted 01:36:02 (38380 turns).

cforsyth the Warrior (Formicid Fighter)            Turns: 38380, Time: 01:36:03

HP:   -1/162 (171)  AC: 33    Str: 27    XL:     19   Next: 52%
MP:   14/19         EV:  8    Int: 14    God:    Ru [******]
Gold: 2342          SH: 13    Dex: 11    Spells: 18/18 levels left

rFire   . . .      SeeInvis +    J - +9 morningstar of Internal Strife {freeze, Will+ Int+4}
rCold   + . .      Faith    .    I - +1 kite shield {reflect}
rNeg    . . .      Spirit   .    k - +4 chain mail of Hieduria {rC+ Regen+}
rPois   .          Reflect  +    (helmet unavailable)
rElec   .          Rampage  .    O - +2 cloak {Will+}
rCorr   .                        H - +1 pair of gloves
Will    ++...                    (no boots) Stlth
                                 G - amulet of regeneration
HPRegen 2.07/turn                g - +4 ring of protection
MPRegen 0.16/turn                N - +4 ring of protection

@: lit by a corona, exhausted, glowing, drained
A: permanent stasis, dig shafts and tunnels, antennae 3, clumsy 1, inability to
use devices, hated by all, inability to train dodging, weak-willed 1, four
strong arms
}: 1/15 runes: serpentine
a: Dig, Shaft Self, Renounce Religion, Draw Out Power, Power Leap, Apocalypse


You were on level 3 of the Shoals.
You worshipped Ru.
Ru was exalted by your worship.
You visited 6 branches of the dungeon, and saw 30 of its levels.
You also visited: Ossuary, Bailey and Volcano.

You collected 2807 gold pieces.
You spent 465 gold pieces at shops.

Inventory:

Hand Weapons
 a - the +2 morningstar of Light {pain, *Corrode Fragile rPois rC+++ Stlth+}
   (You bought it in a shop on level 2 of the Orcish Mines)

   rC:        It renders you almost immune to cold.
   rPois:     It protects you from poison.
   *Corrode:  It may corrode you when you take damage.
   Fragile:   It will be destroyed if unequipped.
   Stlth:     It makes you more stealthy.
 D - a +0 great mace
 J - the +9 morningstar of Internal Strife (weapon) {freeze, Will+ Int+4}
   (You bought it in a shop on level 2 of the Orcish Mines)

   Int:       It affects your intelligence (+4).
   Will:      It increases your willpower.
Missiles
 P - a throwing net
Armour
 k - the +4 chain mail of Hieduria (worn) {rC+ Regen+}
   (You found it on level 12 of the Dungeon)

   rC:        It protects you from cold.
   Regen:     It increases your rate of health regeneration.
 y - a +1 chain mail of fire resistance
 A - a +0 kite shield of resistance
 H - a +1 pair of gloves (worn)
 I - a +1 kite shield of reflection (worn)
 K - a +2 chain mail of poison resistance
 O - a +2 cloak of willpower (worn)
Jewellery
 c - a +6 ring of intelligence
 f - a ring of protection from cold
 g - a +4 ring of protection (left hand)
 l - a ring of poison resistance
 x - a ring of ice
 F - an amulet of guardian spirit
 G - an amulet of regeneration (around neck)
 L - a ring of resist corrosion
 M - a +6 ring of intelligence
 N - a +4 ring of protection (right hand)
Scrolls
 b - 7 scrolls of enchant armour
 h - 2 scrolls of magic mapping
 i - 5 scrolls of fog
 u - 9 scrolls of identify
 v - 6 scrolls of enchant weapon
 w - 2 scrolls of brand weapon
 E - 2 scrolls of poison
Potions
 d - 7 potions of might
 e - 10 potions of curing
 j - 6 potions of mutation
 m - 7 potions of brilliance
 n - 4 potions of lignification
 o - 2 potions of magic
 p - 2 potions of resistance
 q - 6 potions of flight
 r - 7 potions of ambrosia
 t - 6 potions of cancellation
 z - 4 potions of attraction
 C - a potion of invisibility


   Skills:
 + Level 20.8 Fighting
 + Level 19.6 Maces & Flails
 + Level 17.7 Armour
 - Level 14.0 Shields


You had 18 spell levels left.
You didn't know any spells.
Your spell library contained the following spells:

 Spells                   Type           Power      Damage    Failure   Level
 Apportation              Tloc           0%         N/A       83%         1
 Freeze                   Ice            0%         1d3       83%         1
 Magic Dart               Conj           0%         1d3       83%         1
 Necrotise                Necr           0%         1d4       83%         1
 Sting                    Tmut/Pois      0%         1d3       83%         1
 Ensorcelled Hibernation  Hex/Ice        0%         N/A       92%         2
 Lesser Beckoning         Tloc           0%         N/A       92%         2
 Passwall                 Tmut/Erth      0%         N/A       92%         2
 Searing Ray              Conj           0%         2d4       92%         2
 Dazzling Flash           Conj/Hex       0%         N/A       99%         3
 Frozen Ramparts          Ice            0%         1d1       99%         3
 Gell's Gravitas          Tloc           0%         N/A       99%         3
 Hailstorm                Conj/Ice       0%         3d3       99%         3
 Inner Flame              Hex/Fire       0%         N/A       99%         3
 Kindle Blastsparks       Fire/Tloc/Air  0%         2d10      99%         3
 Mephitic Cloud           Conj/Pois/Air  0%         N/A       99%         3
 Stone Arrow              Conj/Erth      0%         3d7       99%         3
 Teleport Other           Tloc           0%         N/A       99%         3
 Vampiric Draining        Necr           0%         2d6       99%         3
 Airstrike                Air            0%         2d(0-16)  100%        4
 Cause Fear               Hex            0%         N/A       100%        4
 Flame Wave               Conj/Fire      0%         2d4       100%        4
 Fulminant Prism          Conj/Hex       0%         3d5       100%        4
 Ice Form                 Ice/Tmut       0%         N/A       100%        4
 Iskenderun's Mystic Bla  Conj/Tloc      0%         2d3       100%        4
 Passage of Golubria      Tloc           0%         N/A       100%        4
 Sticky Flame             Conj/Fire      0%         2d3       100%        4
 Agony                    Necr           0%         N/A       100%        5
 Alistair's Intoxication  Tmut/Pois      0%         N/A       100%        5
 Fireball                 Conj/Fire      0%         3d3       100%        5
 Iskenderun's Battlesphe  Conj           0%         2d6       100%        5
 Lee's Rapid Deconstruct  Erth           0%         3d4*      100%        5
 Plasma Beam              Fire/Air       0%         2x1d11    100%        5
 Silence                  Hex/Air        0%         N/A       100%        5
 Yara's Violent Unravell  Hex/Tmut       0%         3d3       100%        5
 Conjure Ball Lightning   Conj/Air       0%         3x3d6     100%        6
 Iron Shot                Conj/Erth      0%         9d1       100%        6
 Statue Form              Tmut/Erth      0%         N/A       100%        6
 Dragon Form              Tmut           0%         N/A       100%        7
 Enfeeble                 Hex            0%         N/A       100%        7
 Orb of Destruction       Conj           0%         9d5       100%        7
 Discord                  Hex            0%         N/A       100%        8
 Call Imp                 Summ           Unusable   N/A       N/A         2
 Swiftness                Air            Unusable   N/A       N/A         3
 Tukima's Dance           Hex            Unusable   N/A       N/A         3
 Summon Lightning Spire   Summ/Air       Unusable   N/A       N/A         4
 Spellforged Servitor     Conj/Summ      Unusable   N/A       N/A         7

Dungeon Overview and Level Annotations

Branches:
Dungeon (15/15)            Temple (1/1) D:5            Lair (5/5) D:8
 Shoals (3/4) Lair:3        Snake (4/4) Lair:2        Slime (0/5) Lair:4
    Orc (2/2) D:12            Elf (0/3) Orc:2        Vaults (0/5) D:13
 Depths (0/4) D:15        Ossuary (visited)          Bailey (visited)
Volcano (visited)

Altars:
Ashenzari
Cheibriados
Dithmenos
Elyvilon
Gozag
Kikubaaqudgha
Makhleb
Nemelex Xobeh
Okawaru
Qazlal
Ru
Sif Muna
Trog
Uskayaw
Vehumet
Wu Jian
Xom
Zin
The Shining One

Shops:
D:1 :   Orc:2 :*((   Snake:4 ::

Portals:
Trove: D:15 (give +3 shadow dragon scales)

Annotations:
Shoals:1 6 runed translucent doors, Fonana's ghost, journeyman DgHu


Innate Abilities, Weirdness & Mutations

You cannot be hasted, slowed, berserked, paralysed or teleported.
You can dig through walls and to a lower floor.
You have a pair of large antennae on your head. (SInv)
You are clumsy. (Dex -2)
You cannot study or use magical devices.
You are hated by all.
You cannot train Dodging skill.
You are slightly weak-willed. (Will-)
Your four strong arms can wield two-handed weapons with a shield.


Message History

The faun points at you and mumbles some strange words.
You resist with almost no effort.
Unknown command.
Okay, then.
Unknown command.
You slip free of the water engulfing you.
You gasp with relief as air once again reaches your lungs.
The faun seems to regain its courage.
The dream sheep ruffle their wool and motes of dream dust sparkle, to no effect.
The dream sheep shake their wool and sparkle.
You feel drowsy...
You fall asleep.
The merfolk impaler hits you with a +6 trident of protection!!!
You wake up.
* * * LOW HITPOINT WARNING * * *
The faun unwields a +0 spear.
The faun wields a +0 sling.
The faun shoots a sling bullet.
You reflect the sling bullet off your +1 kite shield of reflection!
The sling bullet barely misses the faun.
The faun shouts!
You hear a bleat!
Aiming: Power Leap
Press: ? - help, Dir - move target The snapping turtle stops glowing.
The merfolk impaler hits you with a +6 trident of protection.
* * * LOW HITPOINT WARNING * * *
The manticore begins to attack, but is stunned by your conviction!
The merfolk impaler hits you with a +6 trident of protection!
* * * LOW HITPOINT WARNING * * *
The snapping turtle is stunned by your conviction and fails to attack.
Okay, then.
Unknown command.
Okay, then.
Unknown command.
Okay, then.
The faun points at you and mumbles some strange words.
You resist with almost no effort.
The faun points at you and mumbles some strange words.
You resist with almost no effort. The merfolk impaler closely misses you.
You block the snapping turtle's attack.
The merfolk impaler hits you with a +6 trident of protection!
You die...

###....~~~≈≈≈≈≈≈~~...#
##.......~~≈≈≈≈≈≈≈~~~.#
PPPP.###..~≈≈≈≈≈≈≈≈≈~.##
.P...# #..~~~≈≈≈≈≈≈≈~~...~
)....###.~~~~≈≈≈≈≈≈≈≈~.Y.~~
~.P~<....~~~~c~~≈≈≈≈~~~~~~~≈
~~~~.....~~~~..~c~Y~≈~~~~~≈≈≈
P≈≈≈...<.~~~~~.~~YY~≈≈≈≈≈≈≈≈≈
≈≈≈≈..~~.~~~....@t~~≈≈m≈≈≈≈≈≈
≈≈≈≈~.~~..~.####Emc~~≈≈≈≈≈≈≈≈≈
≈≈≈≈~.~.....###...H.~≈≈≈≈≈≈≈≈≈
~≈≈≈≈..~..~..#..†.)~~≈≈≈≈≈≈≈≈≈
≈≈≈≈........[..~)..~~≈≈≈≈≈≈≈≈≈
≈≈≈.#####......~...~≈†~c~~≈≈≈≈
~≈~. #......†.~.t.~~~c..~~~≈≈
~. ##.~~~...~.~≈≈~~..c...~~≈
#..~~~~~≈≈≈≈≈≈≈~...#..~~


You could see a merfolk impaler, 2 snapping turtles, 6 fauns, a manticore, a
water elemental, a merfolk siren and 4 dream sheep.

Vanquished Creatures
  Jorgrun (Snake:1)
  A kraken (Shoals:2)
  5 nagarajas
  Aizul (Snake:3)
  An orc warlord (Orc:1)
  A red draconian (Volcano)
  2 ettins
  A merfolk impaler (Shoals:2)
  A merfolk javelineer (Shoals:2)
  A fire dragon (Lair:5)
  5 hydras
  Fannar (D:10)
  3 salamander tyrants
  A vault guard (D:13)
  A rakshasa (D:15)
  7 centaur warriors
  Erica (D:9)
  7 anacondas
  5 boulder beetles
  An alligator snapping turtle (Shoals:2)
  2 two-headed ogres (D:9)
  3 merfolk avatars
  A death knight (D:14)
  A tengu warrior (D:14)
  11 death yaks
  5 orc high priests
  19 naga warriors
  17 naga sharpshooters
  13 shock serpents
  8 skysharks
  6 salamander mystics
  7 sea snakes
  5 naga ritualists
  4 deep trolls
  A swamp dragon (Lair:5)
  2 necromancers (D:15)
  7 orc knights
  2 harpies (Shoals:3)
  5 deep elf pyromancers
  A phantasmal warrior (D:13)
  7 ugly things
  11 fauns
  2 deep elf zephyrmancers
  A salamander (shapeshifter) (D:13)
  30 salamanders
  6 orc sorcerers (Orc:2)
  3 mana vipers
  11 cyclopes
  An oklob plant (Lair:4)
  7 manticores
  8 elephants (Lair:5)
  A water nymph (Shoals:3)
  3 merfolk sirens (Shoals:2)
  31 black mambas
  4 guardian serpents
  17 naga magi
  5 cane toads
  2 efreet (D:13)
  An unseen horror (D:13)
  2 kobold demonologists (D:9)
  5 rime drakes
  11 komodo dragons
  8 hornets
  2 trolls
  2 polar bears (Lair:2)
  14 merfolk
  4 wind drakes
  9 blink frogs
  12 dream sheep
  8 snapping turtles
  Sigmund (D:2)
  47 yaks
  A vampire (D:7)
  5 wyverns
  7 basilisks
  2 fire elementals (Snake:1)
  A wraith (D:11)
  A basilisk (shapeshifter) (D:13)
  Grum (D:8)
  A steam dragon (Lair:2)
  9 vampire mosquitoes
  2 wargs (Orc:1)
  Menkaure (D:4)
  66 nagas
  A naga (shapeshifter) (D:14)
  2 acid dragons (Lair:5)
  13 water moccasins
  4 swamp drakes
  2 hell hounds (Snake:1)
  2 ice beasts
  42 orc warriors
  11 ogres
  2 sky beasts (D:7)
  10 wolves
  7 centaurs
  A phantom (D:5)
  2 elf zombies
  5 kobold brigands
  8 bullfrogs
  A scorpion (D:5)
  An elf skeleton (D:6)
  32 killer bees
  4 electric eels (D:11)
  A howler monkey (D:9)
  A crimson imp (Orc:1)
  3 human zombies (Ossuary)
  27 orc priests
  A centaur zombie (Ossuary)
  3 hounds
  Crazy Yiuf (D:7)
  2 gnoll boudas
  A sleepcap (D:6)
  An iron imp (Orc:1)
  9 iguanas
  Terence (D:3)
  32 orc wizards
  Natasha (thrice) (D:3)
  2 mummies (Ossuary)
  Robin (D:3)
  17 gnolls
  5 adders
  A shadow imp (Orc:1)
  4 white imps
  2 ufetubi
  3 worms (D:3)
  3 dart slugs (D:4)
  103 orcs
  6 endoplasms
  A giant cockroach (D:1)
  13 hobgoblins
  5 jackals
  30 kobolds
  A quokka (D:1)
  5 ball pythons
  6 bats
  4 frilled lizards
  13 goblins
  3 goblin zombies (Ossuary)
  12 hobgoblin zombies (Ossuary)
  2 jackal zombies (Ossuary)
  8 kobold zombies (Ossuary)
  2 orc skeletons (D:6)
  8 orc zombies
  10 rats
  A rat zombie (Ossuary)
  5 tentacles (Shoals:2)
1052 creatures vanquished.

Vanquished Creatures (others)
  Azrael (Snake:1)
  A sea snake (Shoals:3)
  A black mamba (Snake:2)
  A blink frog (Lair:5)
  A yak (D:8)
  An acid dragon (D:11)
  2 nagas
  2 orc warriors
  A centaur (D:13)
  2 orc wizards
  8 orcs
  A bush (D:7)
  8 demonic plants (D:2)
  27 fungi
  134 plants
  6 tentacles (Shoals:2)
  2 withered plants (D:2)
199 creatures vanquished.

Grand Total: 1251 creatures vanquished

Notes
Turn   | Place    | Note
-------+----------+-------------------------------------------
     0 | D:1      | cforsyth the Formicid Fighter began the quest for the Orb.
     0 | D:1      | Reached XP level 1. HP: 18/18 MP: 1/1
    81 | D:1      | Reached XP level 2. HP: 6/24 MP: 2/2
   342 | D:1      | Found Ruillawk's Book Shop.
   349 | D:1      | Reached XP level 3. HP: 30/30 MP: 3/3
   755 | D:2      | Noticed Sigmund
   837 | D:2      | Killed Sigmund
   838 | D:2      | Reached skill level 5 in Fighting
   838 | D:2      | Reached XP level 4. HP: 19/39 MP: 4/4
   838 | D:2      | Reached XP level 5. HP: 21/44 MP: 5/5
   942 | D:2      | Reached XP level 6. HP: 51/51 MP: 6/6
  1247 | D:2      | Found a faded altar of an unknown god.
  1404 | D:2      | Found a glowing silver altar of Zin.
  2214 | D:3      | Noticed Natasha
  2222 | D:3      | Killed Natasha
  2223 | D:3      | Reached skill level 6 in Fighting
  2242 | D:3      | Noticed Robin
  2250 | D:3      | Reached skill level 5 in Maces & Flails
  2250 | D:3      | Reached XP level 7. HP: 40/58 MP: 7/7
  2256 | D:3      | Killed Robin
  2265 | D:3      | Noticed Terence
  2284 | D:3      | Killed Terence
  2878 | D:3      | Noticed Natasha
  2887 | D:3      | Killed Natasha
  2894 | D:3      | Noticed Natasha
  2906 | D:3      | Killed Natasha
  3384 | D:4      | Reached skill level 7 in Fighting
  3416 | D:4      | Noticed Menkaure
  3434 | D:4      | Killed Menkaure
  3435 | D:4      | Reached XP level 8. HP: 28/67 MP: 8/8
  3730 | D:4      | Found an opulent altar of Gozag.
  3734 | D:4      | Found an ancient bone altar of Kikubaaqudgha.
  3958 | D:5      | Entered Level 5 of the Dungeon
  4071 | D:5      | Found a staircase to the Ecumenical Temple.
  4163 | Temple   | Entered the Ecumenical Temple
  4262 | Temple   | Became a worshipper of Ru the Awakened
  4359 | D:5      | Reached skill level 8 in Fighting
  4503 | D:5      | Found a sparkling altar of Nemelex Xobeh.
  4746 | D:5      | Found a basalt altar of Yredelemnul.
  4759 | D:5      | Found a glowing silver altar of Zin.
  4905 | D:6      | Reached XP level 9. HP: 52/75 MP: 9/9
  5065 | D:6      | Reached skill level 9 in Fighting
  5154 | D:6      | Found a sand-covered staircase.
  5160 | Ossuary  | Entered an ossuary
  5431 | Ossuary  | Gained mutation: You are hated by all. [Ru sacrifice]
  5431 | Ossuary  | Reached * piety under Ru
  5431 | Ossuary  | Reached ** piety under Ru
  5702 | D:6      | Reached skill level 10 in Fighting
  5886 | D:6      | Noticed a hornet
  5891 | D:6      | Killed a hornet
  6054 | D:6      | Reached XP level 10. HP: 82/86 MP: 10/10
  6270 | D:7      | Reached skill level 11 in Fighting
  6349 | D:7      | Found a flagged portal.
  6355 | Bailey   | Entered a bailey
  6387 | Bailey   | Reached skill level 10 in Maces & Flails
  7399 | D:7      | Found a runed translucent door.
  7400 | D:7      | Noticed Crazy Yiuf
  7626 | D:7      | Reached skill level 12 in Fighting
  8474 | D:7      | Killed Crazy Yiuf
  8560 | D:7      | Reached XP level 11. HP: 58/96 MP: 11/11
  8588 | D:7      | Gained mutation: You are slightly weak-willed. (Will-) [Ru
                  | sacrifice]
  8588 | D:7      | Reached *** piety under Ru
  8942 | D:8      | Reached skill level 13 in Fighting
  9650 | D:8      | Found a staircase to the Lair.
 10220 | D:9      | Found a glowing golden altar of the Shining One.
 10379 | D:9      | Noticed Grum
 10407 | D:8      | Killed Grum
 10613 | D:8      | Reached skill level 14 in Fighting
 10684 | D:9      | Found an ornate altar of the Wu Jian Council.
 10754 | D:9      | Noticed a two-headed ogre
 10763 | D:9      | Killed a two-headed ogre
 11094 | D:9      | Noticed a two-headed ogre
 11103 | D:9      | Killed a two-headed ogre
 11104 | D:9      | Reached XP level 12. HP: 83/108 MP: 12/12
 11274 | D:9      | Found a broken altar of Ashenzari.
 11404 | D:9      | Noticed a soul eater
 11406 | D:9      | Noticed a soul eater
 11407 | D:9      | Reached skill level 5 in Shields
 11530 | D:9      | Noticed Erica
 11545 | D:9      | Killed Erica
 11720 | D:10     | Entered Level 10 of the Dungeon
 11859 | D:10     | Reached skill level 5 in Armour
 11906 | D:10     | Gained mutation: You cannot study or use magical devices.
                  | [Ru sacrifice]
 11906 | D:10     | Reached **** piety under Ru
 11906 | D:10     | Reached ***** piety under Ru
 12082 | D:10     | Noticed Fannar
 12099 | D:10     | Killed Fannar
 12479 | D:10     | Found an iron altar of Okawaru.
 13099 | D:11     | You fall into a shaft and drop 1 floor!
 13340 | D:12     | Identified the +4 chain mail of Hieduria {rC+ Regen+}
 13449 | D:12     | Reached XP level 13. HP: 114/114 MP: 13/13
 14659 | D:12     | Found a staircase to the Orcish Mines.
 15087 | Lair:1   | Entered Level 1 of the Lair of Beasts
 15098 | Lair:1   | Reached skill level 10 in Shields
 15723 | Lair:1   | Identified the +7 broad axe of Calculation {freeze, Int+3
                  | Dex+3}
 16203 | Lair:2   | Reached skill level 15 in Fighting
 16230 | Lair:2   | Noticed a four-headed hydra
 16241 | Lair:2   | Killed a four-headed hydra
 16341 | Lair:2   | Found a staircase to the Snake Pit.
 16360 | Lair:2   | Reached skill level 10 in Armour
 16613 | Lair:2   | Noticed an eight-headed hydra
 16627 | Lair:2   | Killed an eight-headed hydra
 16913 | Lair:2   | Reached XP level 14. HP: 123/123 MP: 14/14
 16995 | Lair:2   | You fall into a shaft and drop 1 floor!
 16996 | Lair:3   | Reached skill level 15 in Maces & Flails
 16997 | Lair:3   | Reached XP level 15. HP: 130/130 MP: 15/15
 17056 | Lair:3   | Found a staircase to the Shoals.
 17065 | Lair:3   | Found a dark tunnel.
 17084 | Volcano  | Entered a volcano
 17157 | Volcano  | Reached skill level 16 in Fighting
 18328 | Lair:4   | Gained mutation: You cannot train Dodging skill. [Ru
                  | sacrifice]
 18668 | Lair:4   | Found a staircase to the Slime Pits.
 19126 | Lair:5   | Entered Level 5 of the Lair of Beasts
 19663 | Lair:4   | Gained mutation: You are clumsy. (Dex -2) [Ru sacrifice]
 19663 | Lair:4   | Reached ****** piety under Ru
 20537 | Lair:5   | Reached skill level 17 in Fighting
 21011 | Orc:1    | Entered Level 1 of the Orcish Mines
 21029 | Orc:1    | Noticed an orc warlord
 21581 | Orc:1    | Killed an orc warlord
 21610 | Orc:2    | Entered Level 2 of the Orcish Mines
 21767 | Orc:1    | Reached XP level 16. HP: 139/141 MP: 16/16
 22297 | Orc:2    | Found a burning altar of Makhleb.
 22546 | Orc:2    | Found a staircase to the Elven Halls.
 23213 | Orc:2    | Found Ohytzo's Book Emporium.
 23418 | Orc:2    | Found Eschuz's Antique Weapon Emporium.
 23422 | Orc:2    | Found Ryusmeyst's Antique Weapon Shop.
 23430 | Orc:2    | Found Puossagg's Assorted Antiques.
 23451 | Orc:2    | Bought a scroll labelled UQEFY QABIJAIM for 24 gold pieces
 23459 | Orc:2    | Bought a shimmering morningstar for 189 gold pieces
 23459 | Orc:2    | Identified the +9 morningstar of Internal Strife {freeze,
                  | Will+ Int+4} (You bought it in a shop on level 2 of the
                  | Orcish Mines)
 23466 | Orc:2    | Bought an ivory morningstar for 252 gold pieces
 23466 | Orc:2    | Identified the +2 morningstar of Light {pain, *Corrode
                  | Fragile rPois rC+++ Stlth+} (You bought it in a shop on
                  | level 2 of the Orcish Mines)
 24387 | D:13     | Found a gate to the Vaults.
 24884 | D:14     | Got Sitsunos's Excursus on Shifting Damage
 25066 | D:14     | Reached skill level 18 in Fighting
 25206 | D:14     | Found a shimmering altar of Xom.
 25206 | D:14     | Found a shimmering altar of Xom.
 25207 | D:14     | Found a shimmering altar of Xom.
 25208 | D:14     | Found a shimmering altar of Xom.
 25208 | D:14     | Found a shimmering altar of Xom.
 25830 | D:15     | Entered Level 15 of the Dungeon
 25950 | D:15     | Found a hide-covered altar of Uskayaw.
 26391 | D:15     | Found a portal to a secret trove of treasure.
 26454 | D:15     | Found a staircase to the Depths.
 26823 | Snake:1  | Entered Level 1 of the Snake Pit
 26839 | Snake:1  | Got the Elucidation of Changing
 26898 | Snake:1  | Noticed Azrael
 26917 | Snake:1  | Reached XP level 17. HP: 141/150 MP: 17/17
 26947 | Snake:1  | Killed Azrael
 27006 | Snake:1  | Noticed Jorgrun
 27035 | Snake:1  | Killed Jorgrun
 28011 | Snake:2  | Reached skill level 15 in Armour
 29841 | Snake:3  | Reached skill level 19 in Fighting
 29989 | Snake:3  | Identified the +5 dagger "Lamargh" {flame, rElec Str+2
                  | Dex+5 Stlth-}
 29994 | Snake:3  | Noticed Aizul
 30004 | Snake:3  | Killed Aizul
 30378 | Snake:3  | Reached XP level 18. HP: 160/160 MP: 18/18
 30928 | Snake:4  | Entered Level 4 of the Snake Pit
 32317 | Snake:4  | Found Sipuedafe's Vocational Training.
 33316 | Snake:4  | Found Zuov's Book Shoppe.
 34120 | Snake:4  | Reached skill level 20 in Fighting
 35058 | Snake:4  | Got a serpentine rune of Zot
 35292 | Shoals:1 | Entered Level 1 of the Shoals
 35955 | Shoals:1 | Found the +10 morningstar "Eos" {elec, Halo rElec}
 35956 | Shoals:1 | Found a runed translucent gate.
 35957 | Shoals:1 | Found a runed translucent gate.
 35958 | Shoals:1 | Found a runed translucent gate.
 36047 | Shoals:1 | Reached XP level 19. HP: 169/169 MP: 19/19
 36061 | Shoals:1 | Found a runed translucent gate.
 36061 | Shoals:1 | Found a runed translucent gate.
 36061 | Shoals:1 | Found a runed translucent gate.
 36061 | Shoals:1 | Noticed Fonana's ghost (journeyman DgHu)
 38379 | Shoals:3 | HP: 4/162 [merfolk impaler/+6 trident of protection (13)]
 38380 | Shoals:3 | Slain by a merfolk impaler

Illustrated notes

Levels and vault maps discovered:
D:1:      onia_arrival_pyramid, layout_loops_ring, serial_shops,
          nicolae_shop_advertising_works [nicolae_subvault_shop_adworks]
D:2:      layout_loops_ring, shapermc_ecumenical_altar_gd, basic_altar,
          grunt_decor_arrowhead, uniq_sigmund
D:3:      layout_basic, minmay_puff, uniq_natasha, uniq_terence, uniq_robin
D:4:      layout_basic, mainiacjoe_overflow_catwalk_spiral,
          minmay_a_box_with_orc_wizards_in_it, uniq_menkaure
D:5:      layout_rooms, amethyst_overflow_temple_binary,
          mainiacjoe_overflow_24_doors, minmay_temple_entry_crystal_x
D:6:      layout_basic, nicolae_ossuary_entry_catacombs
D:7:      layout_loops_ring, enter_bailey_2, minmay_hedge_maze,
          nicolae_zen_rock_garden, uniq_crazy_yiuf_cottage
D:8:      layout_rooms, nicolae_overflow_hidden_temple, minmay_lair_entry_grove,
          nicolae_nh_ransacked_shop
D:9:      layout_rooms, nicolae_wu_jian_immortal_techniques, tso_oasis_becter,
          evilmike_ruin_ashenzari, uniq_erica, uniq_grum
D:10:     layout_loops_cross, okawaru_altar_gauntlet_db,
          mainiacjoe_overflow_small_starburst, uniq_fannar
D:11:     layout_basic, nicolae_lava_and_water
D:12:     layout_cross, david_orc_4, chequers_serial_rivers_micro_c
D:13:     layout_rooms, david_vaults_4
D:14:     minmay_ambush_box, layout_loops_corners, xom_redecorated
D:15:     hangedman_depths_entry_civil_slaughter, layout_irregular_city,
          minmay_door_square, nicolae_trove_entry_free_sample,
          dancing_weapons_uskayaw
Temple:   jpeg_temple_clearing
Lair:1:   layout_roguey, dreamdust_wasp_nest, grunt_megastairs_2
Lair:2:   layout_roguey, guppyfry_snake_entry_garden, basic_altar,
          grunt_megastairs_1
Lair:3:   layout_long_grid, shoals_dummy_entry, nicolae_volcano_entry_two_sided
Lair:4:   layout_regular_city, minmay_slime_entry_oklob_enclosed
Lair:5:   guppyfry_lair_end_dragon, layout_misc_corridors, serial_bayou_lagoon_a
Shoals:1: layout_shoals, gammafunk_ghost_split, nicolae_shoals_beach_cooler
Shoals:2: layout_shoals, nicolae_shoals_lost_giant_hut
Shoals:3: layout_shoals, nicolae_shop_self_help
Snake:1:  layout_basic, uniq_jorgrun, uniq_azrael
Snake:2:  layout_grid_maze, st_stairs_10
Snake:3:  layout_onion_interference, uniq_aizul
Snake:4:  minmay_snake_end_coiled, layout_misc_corridors, serial_shops, shop,
          nicolae_shop_vocational
Orc:1:    layout_caves, hangedman_minor_magic
Orc:2:    st_orc_elflike, layout_caves, bloody_makhleb

Skill      XL: |  1  2  3  4  5  6  7  8  9 10 11 12 13 14 15 16 17 18 |
---------------+-------------------------------------------------------+-----
Fighting       | 5 6 7 8 10 12 14 15 17 18 19 20 | 20.8
Maces & Flails | 4 5 6 7 9 11 13 14 15 16 17 18 19 | 19.6
Armour         | 7 10 11 13 14 15 17 | 17.7
Shields        | 8 10 11 13 14 | 14.0

Action                     |  1- 3 |  4- 6 |  7- 9 | 10-12 | 13-15 | 16-18 | 19-21 || total
---------------------------+-------+-------+-------+-------+-------+-------+-------++-------
  Melee: Flail             |    79 |   156 |   528 |   954 |  1050 |   296 |       ||  3063
         Morningstar       |       |       |       |       |       |  1080 |   341 ||  1421
 Invoke: Sacrifice Love    |       |       |     1 |       |       |       |       ||     1
         Sacrifice Essence |       |       |       |     1 |       |       |       ||     1
         Sacrifice Artific |       |       |       |     1 |       |       |       ||     1
         Reject Sacrifices |       |       |       |       |     1 |       |       ||     1
         Power Leap        |       |       |       |       |     1 |     2 |     1 ||     4
         Sacrifice Purity  |       |       |       |       |     1 |       |       ||     1
         Sacrifice Nimblen |       |       |       |       |     1 |       |       ||     1
         Apocalypse        |       |       |       |       |       |     4 |     1 ||     5
Ability: Dig               |       |       |       |     1 |     1 |       |       ||     2
  Evoke: Wand              |       |       |     5 |       |       |       |       ||     5
    Use: Scroll            |       |       |    10 |     3 |    11 |     2 |     1 ||    27
         Potion            |       |       |     3 |       |     6 |     3 |       ||    12
   Stab: Distracted        |       |       |     1 |     2 |     2 |     7 |     2 ||    14
         Invisible         |       |       |       |     5 |     8 |    16 |       ||    29
         Paralysed         |       |       |       |     1 |       |    17 |     4 ||    22
 Armour: Scale mail        |    44 |    89 |     8 |       |    13 |       |       ||   154
         Ring mail         |       |       |   187 |   275 |    72 |       |       ||   534
         Chain mail        |       |       |       |       |   243 |   527 |   173 ||   943
  Dodge: Dodged            |    42 |    74 |   334 |   614 |   434 |   337 |    75 ||  1910
  Block: Buckler           |    25 |    49 |   102 |   214 |   226 |   176 |       ||   792
         Kite shield       |       |       |       |       |       |   253 |   185 ||   438
         Reflection        |       |       |       |       |       |     2 |    15 ||    17

Table legend: (Time is in decaauts)
 A = Elapsed time spent in this place.
 B = Non-inter-level travel time spent in this place.
 C = Inter-level travel time spent in this place.
 D = Time resting spent in this place.
 E = Time spent auto-exploring this place.
 F = Levels seen in this place.
 G = Mean time per level.
                   A        B        C        D        E       F      G
               +--------+--------+--------+--------+--------+-----+--------+
         Total |  37856 |  35828 |   2028 |   9995 |  15225 |  33 | 1147.2 |
       Dungeon |  16959 |  16101 |    858 |   3113 |   8667 |  15 | 1130.6 |
        Temple |    113 |     80 |     33 |      0 |     65 |   1 |  113.0 |
          Lair |   5467 |   5044 |    423 |   1092 |   2470 |   5 | 1093.4 |
        Shoals |   2823 |   2755 |     68 |    861 |   1059 |   3 |  941.0 |
     Snake Pit |   8203 |   7621 |    582 |   3460 |   1974 |   4 | 2050.8 |
  Orcish Mines |   2180 |   2118 |     62 |    663 |    663 |   2 | 1090.0 |
       Ossuary |    507 |    507 |      0 |      7 |    123 |   1 |  507.0 |
        Bailey |    917 |    917 |      0 |    459 |    119 |   1 |  917.0 |
       Volcano |    684 |    684 |      0 |    340 |     84 |   1 |  684.0 |
               +--------+--------+--------+--------+--------+-----+--------+

Top non-repeatable levels by time:
 Snake:4: 2963 daAuts
 Snake:3: 2542 daAuts
     D:7: 2206 daAuts
 Snake:2: 2141 daAuts
    D:12: 1951 daAuts
  Lair:5: 1424 daAuts
     D:9: 1303 daAuts
     D:2: 1247 daAuts
     D:3: 1194 daAuts
  Lair:2: 1190 daAuts
Shoals:2: 1153 daAuts
   Orc:2: 1144 daAuts
    D:11: 1120 daAuts
  Lair:4: 1109 daAuts
Shoals:1: 1081 daAuts
